Map: Forteresse de fer EC

Players

LoVe - Winner!

  • Race: Zerg Zerg
  • League: Grandmaster

AgCl

  • Race: Protoss Protoss
  • League: Grandmaster

VOD

Have the link to the VOD?

Description

Time

  • Played on: June 11, 2015, 7:27 p.m.
  • Length: 8:57
Show
View Real Time Build Order
Export as new Build Order

LoVe Zerg - Winner!

Build Orders: 3 Hatch before Pool 

Get SALT Encoding   

  12  0:01  Drone  
  13  0:12  Overlord  
  13  0:17  Drone  
  14  0:24  Drone, Extractor  
  15  0:30  Drone  
  15  0:35  Drone  
  17  0:44  Drone  
  18  0:55  Hatchery  
  17  0:58  Drone  
  18  1:06  Drone  
  19  1:17  Drone  
  20  1:20  Extractor  
  19  1:26  Hatchery  
  19  1:28  Drone  
  19  1:38  Drone  
  20  1:42  Spawning Pool  
  19  1:49  Drone  
  20  1:59  Drone  
  21  2:07  Drone  
  22  2:10  Drone  
  23  2:18  Drone  
  23  2:21  Drone  
  25  2:28  Drone  
  26  2:31  Queen  
  26  2:34  Metabolic Boost  
  28  2:37  Overlord, Queen  
  28  2:40  Drone x2  
  32  2:45  Queen  
  34  2:55  Drone x3  
  37  3:00  Drone x2  
  37  3:04  Overlord  
  39  3:06  Drone  
  39  3:10  Drone  
  41  3:13  Extractor  
  41  3:17  Extractor  
  41  3:18  Drone x2  
  41  3:21  Drone  
  41  3:24  Drone  
  41  3:27  Overlord  
  43  3:34  Drone x2  
  45  3:38  Drone  
  46  3:44  Drone x4  
  50  3:50  Lair  
  50  3:55  Evolution Chamber, Drone x3  
  51  3:56  Evolution Chamber, Drone x3  
  51  3:57  Drone  
  51  3:58  Drone x2  
  57  4:03  Overlord  
  57  4:05  Drone  
  58  4:16  Extractor  
  57  4:17  Drone  
  57  4:18  Overlord  
  57  4:19  Overlord  
  58  4:26  Zerg Missile Weapons Level 1, Zerg Ground Armor Level 1  
  58  4:30  Drone x2  
  58  4:31  Drone x4  
  64  4:40  Drone, Roach Warren  
  64  4:44  Zergling x4  
  64  4:45  Zergling x14  
  73  4:54  Hatchery  
  72  5:03  Extractor  
  72  5:04  Drone x3, Extractor  
  72  5:05  Drone x3  
  72  5:06  Drone x4  
  80  5:16  Hydralisk Den  
  80  5:17  Drone  
  80  5:18  Spire  
  80  5:20  Extractor  
  78  5:24  Extractor  
  69  5:40  Drone x3  
  69  5:41  Drone x3  
  80  5:42  Drone x6  
  80  5:43  Drone x2  
  80  5:45  Spore Crawler  
  80  5:46  Spore Crawler  
  80  5:48  Spore Crawler  
  79  5:52  Spore Crawler  
  79  5:54  Drone, Spore Crawler x2  
  79  5:55  Muscular Augments  
  77  6:03  Overseer  
  77  6:11  Queen  
  77  6:12  Drone x3  
  77  6:13  Drone x6  
  88  6:18  Overlord x2  
  88  6:24  Overlord x2  
  88  6:25  Zerg Missile Weapons Level 2  
  88  6:28  Zerg Ground Armor Level 2  
  88  6:39  Zerg Flyer Armor Level 1  
  88  6:42  Infestation Pit  
  87  6:48  Hatchery  
  86  6:58  Hydralisk  
  86  6:59  Hydralisk x8  
  104  7:04  Overseer  
  104  7:06  Overseer  
  104  7:11  Hydralisk x5  
  104  7:12  Extractor  
  104  7:13  Extractor  
  112  7:21  Overlord x4  
  112  7:22  Overlord  
  112  7:41  Hydralisk x3  
  112  7:42  Hydralisk x3  
  112  7:43  Corruptor x3  
  130  7:45  Overlord  
  130  7:46  Overlord  
  124  8:05  Hydralisk x9  
  114  8:06  Hydralisk  
  128  8:19  Hydralisk x6  
  134  8:20  Hydralisk  
Show
View Real Time Build Order
Export as new Build Order

AgCl Protoss 

Build Orders:  

Get SALT Encoding   

  12  0:10  Probe  
  13  0:22  Probe  
  14  0:28  Pylon  
  14  0:30  Pylon  
  14  0:48  Probe  
  15  1:00  Probe  
  16  1:12  Probe  
  16  1:17  Nexus  
  17  1:24  Probe  
  17  1:25  Assimilator  
  18  1:36  Probe  
  19  1:49  Probe  
  20  1:54  Gateway  
  20  2:01  Probe (Chrono Boost)  
  21  2:04  Assimilator  
  21  2:13  Probe (Chrono Boost)  
  22  2:28  Probe  
  23  2:40  Probe (Chrono Boost)  
  25  2:45  Cybernetics Core  
  25  2:46  Probe (Chrono Boost), Pylon  
  26  2:51  Probe (Chrono Boost)  
  26  2:54  Probe (Chrono Boost)  
  28  3:01  Probe (Chrono Boost)  
  28  3:02  Probe (Chrono Boost)  
  28  3:04  Assimilator  
  29  3:09  Probe (Chrono Boost)  
  31  3:13  Probe (Chrono Boost)  
  32  3:21  Probe (Chrono Boost), Warp Gate (Chrono Boost)  
  32  3:25  Probe (Chrono Boost)  
  33  3:27  Probe (Chrono Boost)  
  36  3:34  Mothership Core  
  36  3:38  Probe  
  37  3:41  Gateway  
  37  3:43  Pylon  
  37  3:47  Assimilator  
  37  3:50  Probe (Chrono Boost), Pylon  
  39  3:58  Probe (Chrono Boost)  
  40  4:03  Probe (Chrono Boost)  
  40  4:04  Stargate  
  41  4:11  Probe (Chrono Boost)  
  41  4:14  Probe (Chrono Boost)  
  42  4:19  Probe (Chrono Boost)  
  42  4:22  Probe (Chrono Boost)  
  44  4:27  Probe (Chrono Boost)  
  44  4:31  Probe (Chrono Boost)  
  46  4:35  Probe (Chrono Boost)  
  48  4:39  Probe (Chrono Boost), Pylon  
  48  4:41  Probe (Chrono Boost)  
  49  4:46  Pylon  
  49  4:49  Probe, Oracle (Chrono Boost)  
  53  4:53  Probe (Chrono Boost)  
  53  4:55  Fleet Beacon  
  54  5:03  Stargate  
  54  5:04  Pylon  
  54  5:06  Probe x2 (Chrono Boost)  
  56  5:08  Protoss Air Weapons Level 1 (Chrono Boost)  
  58  5:14  Probe (Chrono Boost)  
  58  5:15  Probe (Chrono Boost)  
  58  5:25  Probe  
  58  5:27  Carrier (Chrono Boost)  
  58  5:28  Gateway  
  58  5:29  Gateway  
  58  5:30  Probe  
  58  5:31  Carrier (Chrono Boost)  
  59  5:43  Probe  
  72  5:50  Graviton Catapult (Chrono Boost)  
  72  5:54  Probe (Chrono Boost)  
  72  5:55  Probe (Chrono Boost)  
  74  5:59  Nexus  
  74  6:02  Pylon  
  74  6:03  Forge  
  74  6:07  Probe (Chrono Boost)  
  74  6:10  Probe (Chrono Boost)  
  76  6:16  Gateway  
  76  6:17  Gateway  
  76  6:18  Gateway, Probe x2  
  75  6:30  Probe  
  75  6:31  Carrier (Chrono Boost)  
  76  6:38  Carrier (Chrono Boost)  
  76  6:40  Protoss Ground Weapons Level 1  
  76  6:42  Pylon  
  76  6:46  Twilight Council  
  82  6:50  Pylon  
  82  6:51  Robotics Facility  
  88  7:15  Probe  
  89  7:17  Adept x2  
  89  7:18  Stalker x2  
  97  7:24  Carrier (Chrono Boost)  
  97  7:26  Assimilator  
  97  7:28  Probe  
  98  7:30  Assimilator  
  98  7:31  Photon Cannon  
  98  7:49  Adept  
  106  7:51  Adept  
  102  8:01  Pylon  
  86  8:15  Adept x3  
  86  8:16  Adept  
  86  8:17  Adept  
  86  8:18  Adept  
  93  8:24  Void Ray (Chrono Boost)  
  93  8:35  Adept x3  
  95  8:43  Adept x3  
  95  8:44  Adept  
  91  8:52  Pylon  
Tags
 
Add a new tag
Caveats
  • Supply blocks, unpowered buildings, or Contaminate may cause inaccurate times.
  • Supply counts are checked every 10 seconds.